 Dungeon Crawl Stone Soup version 0.29-a0-923-g6e406bff71 (webtiles) character file.

Game seed: 6404347332700689336

12827 Pooter the Cleaver (level 11, -12/145 HPs)
             Began as a Minotaur Berserker on July 27, 2022.
             Was a Priest of Trog.
             Mangled by a death yak (20 damage)
             ... on level 1 of the Lair of Beasts on July 28, 2022.
             The game lasted 01:06:29 (13661 turns).

Pooter the Cleaver (Minotaur Berserker)            Turns: 13661, Time: 01:06:30

Health: -12/145    AC: 20    Str: 23    XL:     11   Next: 67%
Magic:  10/10      EV:  5    Int:  9    God:    Trog [***...]
Gold:   476        SH:  8    Dex: 11    Spells: 10/10 levels left

rFire   . . .      SeeInvis .   T - +5 broad axe (chaos)
rCold   . . .      Faith    .   o - +0 kite shield
rNeg    + . .      Spirit   .   R - +3 plate armour
rPois   +          Reflect  .   (helmet restricted)
rElec   .          Harm     .   (no cloak)
rCorr   .          Rampage  .   J - +0 pair of gloves of Sharp Happiness {rPois Int+3}
Will    +++++      Clarity  +   u - +0 pair of boots
Stlth   ..........              K - amulet of the Four Winds {rN+ Will+++ Clar}
HPRegen 1.34/turn               P - ring of poison resistance
MPRegen 0.12/turn               l - +4 ring of protection

@: berserking, strong-willed, regenerating, very quick
A: horns 2, retaliatory headbutt
a: Renounce Religion, Berserk, Trog's Hand


You were on level 1 of the Lair of Beasts.
You worshipped Trog.
Trog was most pleased with you.
You visited 2 branches of the dungeon, and saw 12 of its levels.
You also visited: Sewer.

You collected 872 gold pieces.
You spent 396 gold pieces at shops.

Inventory:

Hand Weapons
 a - a +0 vampiric war axe
   (You found it on level 10 of the Dungeon)
 b - a +0 sling of freezing
   (You found it on level 5 of the Dungeon)
 n - a +0 trident
   (You found it on level 4 of the Dungeon)
 v - a +5 vampiric trident
   (You took it off a gnoll sergeant on level 8 of the Dungeon)
 w - a +0 vorpal hand axe
 E - a +1 hand axe of freezing
   (You found it on level 4 of the Dungeon)
 O - a +3 hand axe
   (You took it off a wight on level 8 of the Dungeon)
 T - a +5 broad axe of chaos (weapon)
   (You took it off a salamander on level 10 of the Dungeon)
Missiles
 y - 3 boomerangs
 A - 21 poisoned darts (quivered)
 G - 9 silver javelins
 M - 2 curare-tipped darts
 Q - 144 stones
 V - 2 throwing nets {!f}
Armour
 o - a +0 kite shield (worn)
   (You found it on level 4 of the Dungeon)
 u - a +0 pair of boots (worn)
   (You found it on level 4 of the Dungeon)
 J - the +0 pair of gloves of Sharp Happiness (worn) {rPois Int+3}
   (You acquired it on level 8 of the Dungeon)

   Int:       It affects your intelligence (+3).
   rPois:     It protects you from poison.
 R - a +3 plate armour (worn)
   (You took it off an orc warrior on level 9 of the Dungeon)
Jewellery
 d - an amulet of magic regeneration
   (You found it on level 1 of the Dungeon)
 l - a +4 ring of protection (right hand)
   (You found it on level 10 of the Dungeon)
 s - a ring of flight
   (You took it off an orc warrior on level 9 of the Dungeon)
 C - a ring of resist corrosion
   (You found it on level 7 of the Dungeon)
 I - a ring of protection from cold
   (You found it on level 7 of the Dungeon)
 K - the amulet of the Four Winds (around neck) {rN+ Will+++ Clar}
   (You found it on level 7 of the Dungeon)

   [amulet of nothing]

   rN:        It protects you from negative energy.
   Clar:      It protects you against confusion.
   Will:      It greatly increases your willpower.
 P - a ring of poison resistance (left hand)
   (You found it on level 6 of the Dungeon)
 S - a ring of see invisible
   (You found it on level 1 of the Dungeon)
 X - a ring of willpower
   (You found it on level 1 of the Lair of Beasts)
Wands
 f - a wand of flame (14)
   (You found it on level 2 of the Dungeon)
 k - a wand of polymorph (6)
   (You found it on level 7 of the Dungeon)
 m - a wand of charming (4)
   (You took it off Joseph on level 9 of the Dungeon)
 x - a wand of acid (5)
   (You found it on level 1 of the Lair of Beasts)
 D - a wand of digging (4)
   (You took it off Pikel on level 8 of the Dungeon)
Scrolls
 r - 3 scrolls of vulnerability {!r}
 t - 7 scrolls of teleportation {@r4}
 B - 2 scrolls of silence
 U - a scroll of poison {unknown}
 W - a scroll of summoning {unknown}
 Z - 2 scrolls of blinking
Potions
 c - 3 potions of attraction {!q}
 e - 2 potions of flight
 g - 5 potions of lignification {!q}
 h - 2 potions of cancellation {unknown}
 j - 7 potions of heal wounds {@q2}
 p - 3 potions of mutation {unknown}
 q - 3 potions of ambrosia {unknown}
 z - 5 potions of might
 F - a potion of haste {unknown}
 H - a potion of invisibility
 L - 3 potions of resistance
 N - 8 potions of curing {@q1}
 Y - 4 potions of magic


   Skills:
 + Level 9.5 Fighting
 * Level 11.8(12.2) Axes
 - Level 5.0(9.1) Polearms
 * Level 9.8 Ranged Weapons
 - Level 2.4 Armour
 - Level 2.1 Dodging
 + Level 6.5 Stealth
 - Level 3.4 Shields
 + Level 6.6 Evocations


You had 10 spell levels left.
You didn't know any spells.
Your spell library was empty.

Dungeon Overview and Level Annotations

Branches:
Dungeon (10/15)            Temple (0/1) D:7            Lair (2/5) D:9
  Sewer (visited)
  Swamp: Lair:2-3    Shoals: Lair:2-3     Snake: Lair:2-3    Spider: Lair:2-3
    Orc: D:9-12

Altars:
Ashenzari
Elyvilon
Gozag
Makhleb
Vehumet
Wu Jian
Xom
The Shining One

Shops:
D:7 !


Innate Abilities, Weirdness & Mutations

You have a pair of horns on your head.
You reflexively headbutt those who attack you in melee.


Message History

You feel yourself moving faster!
You feel mighty! The death yak barely misses you. You furiously retaliate!
You headbutt the death yak. The death yak gores you!
* * * LOW HITPOINT WARNING * * *
The death yak gores you.
* * * LOW HITPOINT WARNING * * *
The komodo dragon bites you but does no damage.
Unknown command.
You slash the death yak! You freeze the death yak. You headbutt the death yak!
You slash the death yak!
The death yak suddenly seems more agile.
You barely miss the death yak. You barely miss the komodo dragon.
The death yak gores you but does no damage.
You block the death yak's attack. x2; You block the komodo dragon's attack.
You slash the death yak! You drain the death yak. You headbutt the death yak!
You slice the death yak!! You slash the death yak!
The death yak resists with almost no effort.
You slash the komodo dragon!
The komodo dragon evaporates and reforms as a meliai!
You slice the death yak!!
The death yak flickers and vanishes!
Deactivating autopickup; reactivate with Ctrl-A.
You slash the meliai!
The meliai looks as sick as possible!
You hit the death yak but do no damage.
The death yak is poisoned.
You closely miss the death yak. The meliai barely misses you.
The meliai stings you.
* * * LOW HITPOINT WARNING * * *
The death yak gores you but does no damage.
You block the death yak's attack. Something gores you!
* * * LOW HITPOINT WARNING * * *
You block the meliai's attack. The meliai stings you.
* * * LOW HITPOINT WARNING * * *
You barely miss the meliai. Your headbutt misses the meliai.
You barely miss the death yak. You slice the death yak!!
The death yak is poisoned.
You slice something!!
You feel better. The meliai hits you but does no damage. The meliai stings you.
* * * LOW HITPOINT WARNING * * *
The death yak barely misses you. Something gores you!
* * * LOW HITPOINT WARNING * * *
You block the death yak's attack.
You slash the meliai! You freeze the meliai.
You kill the meliai!
Trog accepts your kill.
You slash the death yak!
The death yak looks as sick as possible!
You slash something! You burn something. You slash the death yak!
You burn the death yak.
You kill the death yak!
Trog accepts your kill. You block something's attack. The death yak gores you!!
You die...

##..#.#####.........## #.#
#.# ....................#
#.# #.#
.####..#.###........# #.##
##.# ## #..### #........#
#..# #..# # #.## #........##
#.## #..# # #..#
#.........## #.## ##.# #
#..# #........#.###.P####.#
# #.##
#...{.†..............# # #.#
####....@Y..#.##P.#####.#
#####.###.##.######..####..#
#.# ..........÷..# #.P#
#..## #.# ######.#####.#
#.## ##.# #.# ### #.## #.#
#.## #.# ##..#
##.#####..####.#
#..#####..#P##P.......#
#................P.##.#
##..###...#.#.#.####..#


You could see a death yak (agile, extremely poisoned).

Vanquished Creatures
  Harold (D:10)
  Erolcha (D:9)
  A hydra (Lair:1)
  A two-headed ogre (D:9)
  2 death yaks (Lair:1)
  Pikel (D:8)
  An ugly thing (D:10)
  A salamander (D:10)
  A gargoyle (D:10)
  Joseph (D:9)
  A cane toad (Lair:1)
  A komodo dragon (Lair:1)
  A meliai (Lair:1)
  3 blink frogs (Lair:1)
  Sigmund (D:3)
  Eustachio (D:6)
  3 wyverns
  9 yaks
  A steam dragon (D:6)
  Duvessa (D:6)
  3 wargs (D:9)
  4 water moccasins (Lair:1)
  6 orc warriors (D:9)
  A sky beast (D:7)
  2 ice beasts
  3 black bears (Lair:1)
  2 ogres (D:6)
  3 centaurs
  A lemure (D:8)
  A phantom (D:5)
  4 kobold brigands
  6 bullfrogs
  A gnoll sergeant (D:8)
  A scorpion (D:7)
  6 wights
  Dowan (D:6)
  4 howler monkeys
  4 hounds
  2 jellies (D:6)
  2 gnoll boudas
  4 orc priests
  3 orc wizards
  6 iguanas
  Natasha (thrice) (D:4)
  12 gnolls
  9 adders
  2 river rats (D:5)
  2 white imps
  2 worms (D:2)
  4 dart slugs
  43 orcs
  6 bats
  6 endoplasms
  5 giant cockroaches
  4 goblins
  5 hobgoblins
  5 quokkas
  13 ball pythons
  3 frilled lizards
  36 kobolds
  6 rats
269 creatures vanquished.

Vanquished Creatures (others)
  9 fungi
  7 plants
16 creatures vanquished.

Grand Total: 285 creatures vanquished

Notes
Turn   | Place    | Note
-------+----------+-------------------------------------------
     0 | D:1      | Pooter the Minotaur Berserker began the quest for the Orb.
     0 | D:1      | Reached XP level 1. HP: 19/19 MP: 0/0
   115 | D:1      | Reached skill level 4 in Axes
   118 | D:1      | Reached XP level 2. HP: 21/27 MP: 1/1
  1175 | D:2      | Found a faded altar of an unknown god.
  1179 | D:2      | Reached skill level 1 in Stealth
  1360 | D:2      | Reached XP level 3. HP: 33/33 MP: 2/2
  1365 | D:2      | Reached ** piety under Trog
  1812 | D:3      | Found a broken altar of Ashenzari.
  1919 | D:3      | Found a glowing golden altar of the Shining One.
  1929 | D:3      | Noticed Sigmund
  1938 | D:3      | Killed Sigmund
  1939 | D:3      | Reached skill level 5 in Axes
  1939 | D:3      | Reached skill level 1 in Shields
  1939 | D:3      | Reached skill level 1 in Evocations
  1939 | D:3      | Reached XP level 4. HP: 41/41 MP: 3/3
  1939 | D:3      | Reached XP level 5. HP: 47/47 MP: 4/4
  2631 | D:4      | Noticed Natasha
  2636 | D:4      | Killed Natasha
  2637 | D:4      | Reached XP level 6. HP: 55/55 MP: 5/5
  2672 | D:4      | Noticed Natasha
  2684 | D:4      | Killed Natasha
  2816 | D:4      | Reached skill level 6 in Axes
  2898 | D:4      | Noticed Natasha
  2903 | D:4      | Killed Natasha
  2904 | D:4      | Reached skill level 5 in Fighting
  3472 | D:5      | Entered Level 5 of the Dungeon
  3562 | D:5      | Found a white marble altar of Elyvilon.
  3571 | D:5      | Noticed an ice beast
  3581 | D:5      | Killed an ice beast
  3582 | D:5      | Reached XP level 7. HP: 61/61 MP: 6/6
  3631 | D:5      | Reached skill level 7 in Axes
  3636 | D:5      | Found a glowing drain.
  3640 | Sewer    | Entered a sewer
  3707 | Sewer    | Reached *** piety under Trog
  4376 | D:6      | Reached skill level 1 in Ranged Weapons
  4377 | D:6      | Reached XP level 8. HP: 70/70 MP: 7/7
  4780 | D:6      | Noticed Eustachio
  4793 | D:6      | Killed Eustachio
  4897 | D:6      | Found an opulent altar of Gozag.
  4906 | D:6      | Reached skill level 8 in Axes
  5214 | D:6      | Noticed Dowan
  5233 | D:6      | Killed Dowan
  5446 | D:6      | Noticed Duvessa
  5460 | D:6      | Killed Duvessa
  5501 | D:6      | Found a radiant altar of Vehumet.
  5715 | D:7      | Found Bioxzot's Distillery.
  5736 | D:7      | Bought a potion of curing for 36 gold pieces
  5736 | D:7      | Bought a potion of might for 48 gold pieces
  5736 | D:7      | Bought a potion of invisibility for 96 gold pieces
  5736 | D:7      | Bought a potion of lignification for 36 gold pieces
  5736 | D:7      | Bought a potion of might for 48 gold pieces
  5736 | D:7      | Bought a potion of degeneration for 12 gold pieces
  5736 | D:7      | Bought a potion of resistance for 120 gold pieces
  5748 | D:7      | Reached XP level 9. HP: 78/78 MP: 8/8
  5794 | D:7      | Found a shimmering altar of Xom.
  5813 | D:7      | Reached skill level 9 in Axes
  5968 | D:7      | Found the amulet of the Four Winds {rN+ Will+++ Clar}
  6122 | D:7      | Reached skill level 5 in Ranged Weapons
  6233 | D:7      | Found a staircase to the Ecumenical Temple.
  6410 | D:7      | Found an ornate altar of the Wu Jian Council.
  6435 | D:7      | Found a burning altar of Makhleb.
  6604 | D:8      | Noticed Pikel
  6617 | D:8      | Killed Pikel
  6763 | D:8      | Reached skill level 10 in Axes
  7210 | D:8      | Identified a scroll of acquirement
  7210 | D:8      | Acquired the +0 pair of gloves of Sharp Happiness {rPois
                  | Int+3}
  7415 | D:9      | Noticed Erolcha
  7438 | D:9      | Killed Erolcha
  7439 | D:9      | Reached skill level 5 in Stealth
  7439 | D:9      | Reached skill level 5 in Evocations
  7439 | D:9      | Reached XP level 10. HP: 88/88 MP: 9/9
  9368 | D:9      | Found a staircase to the Lair.
  9945 | D:9      | Noticed Joseph
  9955 | D:9      | Killed Joseph
 10047 | D:9      | Noticed a two-headed ogre
 10052 | D:9      | Killed a two-headed ogre
 10235 | D:9      | Reached skill level 5 in Polearms
 10426 | D:10     | Entered Level 10 of the Dungeon
 10444 | D:10     | Noticed Urug
 10446 | D:10     | Noticed Urug
 10446 | D:10     | Urug changed into Urug the salamander
 10458 | D:10     | Killed Urug the salamander
 10956 | D:10     | Noticed a gargoyle
 10962 | D:10     | Killed a gargoyle
 10963 | D:10     | Reached XP level 11. HP: 74/95 MP: 10/10
 11069 | D:10     | Noticed a white ugly thing
 11074 | D:10     | Killed a white ugly thing
 11349 | D:10     | Noticed Harold
 11364 | D:10     | Killed Harold
 11641 | Lair:1   | Entered Level 1 of the Lair of Beasts
 12090 | Lair:1   | Reached skill level 11 in Axes
 12662 | Lair:1   | Noticed a four-headed hydra
 12679 | Lair:1   | Killed a four-headed hydra
 13493 | Lair:2   | Noticed a death yak
 13493 | Lair:2   | Noticed a death yak
 13493 | Lair:2   | Noticed a death yak
 13493 | Lair:2   | Noticed a death yak
 13502 | Lair:1   | Killed a death yak
 13660 | Lair:1   | HP: 7/145 [something (16)]
 13661 | Lair:1   | Killed a death yak
 13661 | Lair:1   | Mangled by a death yak

Illustrated notes

Levels and vault maps discovered:
D:1:      lemuel_arrival_broad_hall, layout_rooms
D:2:      layout_loops_corners, ebering_ecumenical_altar_box, minmay_surrounded
D:3:      layout_basic, tso_metal_star, mainiacjoe_overflow_paths, uniq_sigmund
D:4:      minmay_chambers_of_threes, layout_basic, kennysheep_path_1,
          uniq_natasha
D:5:      layout_cave_pools, nicolae_elyvilon_peaceful_grove,
          gup_sewer_entry_bowl, chequers_serial_rivers_small_a
D:6:      layout_basic, lemuel_coloured_pillars_altar,
          nicolae_gozag_cash_rules_everything_around_me, lemuel_another_geyser,
          uniq_duvessa, uniq_eustachio
D:7:      layout_basic, xom_teletrap_fun, nzn_wu_jian_council_hall,
          lemuel_crystal_altar, minmay_temple_entry_overgrown, serial_shops,
          nicolae_diamond_shop
D:8:      layout_basic, uniq_pikel
D:9:      layout_roguey [special_room_orc], erik_lair_orcish_takeover,
          nicolae_benzene_ring, uniq_erolcha, uniq_joseph
D:10:     layout_irregular_city, corexii_hall_statues_u, uniq_harold, uniq_urug
Lair:1:   layout_small_grid, beast_lair_carwin_2
Lair:2:   cheibrodos_lair_river_kwai, layout_chaotic_city,
          nicolae_swamp_entry_splash_gauntlet,
          minmay_snake_entry_guardpost_small, serial_bayou_shore_b,
          grunt_megastairs_2

Skill      XL: |  1  2  3  4  5  6  7  8  9 10 11 |
---------------+----------------------------------+-----
Axes           | 4 5 6 7 8 10 11 | 11.8
Fighting       | 4 5 6 7 8 9 |  9.5
Stealth        | 1 2 3 4 5 6 |  6.5
Shields        | 1 2 3 |  3.4
Evocations     | 1 2 3 5 6 |  6.6
Ranged Weapons | 1 4 6 8 9 |  9.8
Polearms       | 2 5 |  5.0
Armour         | |  2.4
Dodging        | |  2.1

Action                   |  1- 3 |  4- 6 |  7- 9 | 10-12 || total
-------------------------+-------+-------+-------+-------++-------
Melee: Hand axe          |    67 |    85 |   216 |       ||   368
       Headbutt          |    14 |    11 |    39 |    46 ||   110
       Trident           |       |       |    26 |   170 ||   196
       War axe           |       |       |       |    82 ||    82
       Broad axe         |       |       |       |    46 ||    46
 Fire: Sling             |       |       |    32 |    46 ||    78
Throw: Javelin           |       |       |     4 |       ||     4
       Dart              |       |       |     4 |    20 ||    24
       Stone             |       |       |     1 |       ||     1
Invok: Berserk           |     3 |     3 |    13 |     9 ||    28
       Trog's Hand       |     1 |       |     9 |     9 ||    19
Evoke: Wand              |       |       |     3 |     2 ||     5
  Use: Scroll            |     5 |     5 |    11 |     8 ||    29
       Potion            |       |       |     2 |     1 ||     3
 Stab: Sleeping          |     1 |       |       |       ||     1
Armor: Animal skin       |     7 |       |       |       ||     7
       Scale mail        |    14 |    12 |       |       ||    26
       Chain mail        |       |    30 |   117 |     9 ||   156
       Plate armour      |       |       |       |   178 ||   178
Dodge: Dodged            |    38 |    17 |    65 |    67 ||   187
Block: Buckler           |     1 |       |       |       ||     1
       Kite shield       |       |    30 |   101 |   145 ||   276

Table legend: (Time is in decaauts)
 A = Elapsed time spent in this place.
 B = Non-inter-level travel time spent in this place.
 C = Inter-level travel time spent in this place.
 D = Time resting spent in this place.
 E = Time spent auto-exploring this place.
 F = Levels seen in this place.
 G = Mean time per level.
                   A        B        C        D        E       F      G
               +--------+--------+--------+--------+--------+-----+--------+
         Total |  14034 |  13554 |    480 |   4340 |   6946 |  13 | 1079.5 |
       Dungeon |  11596 |  11159 |    437 |   3530 |   5732 |  10 | 1159.6 |
          Lair |   2038 |   1996 |     42 |    676 |   1089 |   2 | 1019.0 |
         Sewer |    399 |    399 |      0 |    133 |    125 |   1 |  399.0 |
               +--------+--------+--------+--------+--------+-----+--------+

Top non-repeatable levels by time:
     D:9: 3293 daAuts
  Lair:1: 2031 daAuts
     D:6: 1387 daAuts
     D:2: 1225 daAuts
    D:10: 1197 daAuts
     D:4: 1161 daAuts
     D:7: 918 daAuts
     D:8: 697 daAuts
     D:3: 609 daAuts
     D:5: 556 daAuts
     D:1: 550 daAuts
   Sewer: 399 daAuts
  Lair:2: 7 daAuts
